 Dungeon Crawl Stone Soup version 0.28-a0-919-g0b5b508569 (webtiles) character file.

Game seed: 8659240295293064192

4451 timneilson the Blocker (level 10, 0/91 HPs)
             Began as a Gargoyle Fighter on Nov 25, 2021.
             Slain by a rust devil (3 damage)
             ... on level 8 of the Dungeon.
             The game lasted 00:19:04 (10117 turns).

timneilson the Blocker (Gargoyle Fighter)          Turns: 10117, Time: 00:19:05

Health: 0/91       AC: -11   Str: 22    XL:     10   Next: 37%
Magic:  0/10       EV:  2    Int: 12    God:
Gold:   454        SH:  6    Dex:  9    Spells: 9/9 levels left

rFire   . . .      SeeInvis .   b - +4 long sword
rCold   . . .      Faith    .   c - +1 buckler
rNeg    + . .      Spirit   +   (armour currently unavailable)
rPois   ∞          Reflect  .   (helmet currently unavailable)
rElec   .          Harm     .   (cloak currently unavailable)
rCorr   .          Rampage  .   (gloves currently unavailable)
Will    .....      NoTele   +   (boots currently unavailable)
Stlth   +.........              k - amulet of guardian spirit
HPRegen 0.25/turn               (no ring)
MPRegen 0.12/turn               (no ring)

@: tree-form, corroded
A: stationary, stasis, torment immunity, boosted hp, sickness immunity, AC +7,
negative energy resistance 1, (electricity resistance), torment resistance 1,
petrification resistance, (talons 1), clever 1, wild magic 1
a: no special abilities


You were on level 8 of the Dungeon.
You were a tree.
You visited 2 branches of the dungeon, and saw 9 of its levels.
You also visited: Ossuary.

You collected 454 gold pieces.

Inventory:

Hand Weapons
 a - a +1 long sword
 b - a +4 long sword (weapon)
 h - a +0 scimitar
Armour
 c - a +1 buckler (worn)
 n - a +0 chain mail (melded)
 o - a +0 plate armour
 r - a +0 pair of boots (melded)
 u - a +0 pair of gloves (melded)
Jewellery
 k - an amulet of guardian spirit (around neck)
Wands
 t - a wand of acid (17)
 y - a wand of paralysis (3)
Scrolls
 p - a scroll of fear
 q - 3 scrolls of amnesia
 w - 6 scrolls of teleportation
Potions
 d - 2 potions of flight
 e - 4 potions of magic
 f - 3 potions of ambrosia
 i - 3 potions of curing {unknown}
 j - 2 potions of heal wounds
 l - 2 potions of brilliance {unknown}
 m - 2 potions of attraction
 v - 2 potions of haste
 z - a potion of mutation


   Skills:
 + Level 6.5 Fighting
 * Level 6.9 Long Blades
 * Level 8.6 Armour
 + Level 4.0 Dodging
 * Level 8.7 Shields
 + Level 2.1 Evocations


You had 9 spell levels left.
You didn't know any spells.
Your spell library contained the following spells:

 Spells                   Type           Power      Damage    Failure   Level
 Apportation              Tloc           0%         N/A       41%         1
 Sting                    Tmut/Pois      0%         1d3       41%         1
 Blink                    Tloc           0%         N/A       54%         2
 Poisonous Vapours        Pois/Air       0%         N/A       54%         2
 Lesser Beckoning         Tloc           0%         N/A       77%         3
 Portal Projectile        Hex/Tloc       0%         N/A       77%         3
 Tukima's Dance           Hex            0%         N/A       77%         3
 Olgreb's Toxic Radiance  Pois           0%         N/A       98%         4
 Alistair's Intoxication  Tmut/Pois      0%         N/A       100%        5
 Manifold Assault         Tloc           0%         N/A       100%        5
 Metabolic Englaciation   Hex/Ice        0%         N/A       100%        5
 Fire Storm               Conj/Fire      0%         5d1       100%        9


Dungeon Overview and Level Annotations

Branches:
Dungeon (8/15)             Temple (1/1) D:4         Ossuary (visited)
   Lair: D:8-11

Altars:
Ashenzari
Cheibriados
Dithmenos
Elyvilon
Gozag
Hepliaklqana
Kikubaaqudgha
Makhleb
Nemelex Xobeh
Qazlal
Ru
Sif Muna
Trog
Uskayaw
Vehumet
Yredelemnul
Zin
The Shining One


Innate Abilities, Weirdness & Mutations

You are a tree.
Your roots penetrate the ground, keeping you stationary.
You cannot be teleported.
You are immune to unholy pain and torment.
Your maximum health is greatly increased.
Your equipment is partially melded.
You are immune to sickness and miasma.
((Your stone body is resilient. (AC +7)))
You are immune to poison.
You resist negative energy. (rN+)
((You are resistant to electric shocks. (rElec)))
You are resistant to unholy torment.
You are immune to petrification.
((You have sharp toenails.))
Your mind is acute. (Int +2)
Your spells are a little harder to cast, but a little more powerful.


Message History

Your toenails lengthen and sharpen.
You feel less in control of your magic.
You feel clever.
It was a potion of lignification.
You turn into a tree.
Your +0 pair of gloves melds into your body.
Your +0 pair of boots melds into your body.
Your +0 chain mail melds into your body.
Your roots penetrate the ground.
You feel much better.
You cannot teleport because you are held in place by your roots.
You closely miss the rust devil.
The rust devil is lightly wounded.
The rust devil hits you. The rust devil corrodes you!
You hit the rust devil but do no damage.
The rust devil is lightly wounded.
The rust devil hits you. The rust devil corrodes you!
You hit the rust devil but do no damage.
The rust devil is lightly wounded.
The rust devil hits you! The rust devil corrodes you!
You hit the rust devil but do no damage.
The rust devil is lightly wounded.
The rust devil hits you!
* * * LOW HITPOINT WARNING * * *
The rust devil corrodes you!
You hit the rust devil but do no damage.
The rust devil is lightly wounded.
The rust devil hits you!
* * * LOW HITPOINT WARNING * * *
The rust devil corrodes you!
You hit the rust devil but do no damage.
The rust devil is lightly wounded.
The rust devil hits you!
* * * LOW HITPOINT WARNING * * *
The rust devil corrodes you!
You barely miss the rust devil.
The rust devil is lightly wounded.
You block the rust devil's attack.
You hit the rust devil but do no damage.
The rust devil is lightly wounded.
The rust devil hits you.
You die...

#...............#
#................
#.../............
##................
#................
#..........(.?...
#.....o##...####
#....4####...#
#...♣## ##..##
#...## ###....###
#..# ##........##
### #..........##
##...........###
#..............#
#................
#.................
#..........$......


You could see a rust devil and an orc warrior.

Vanquished Creatures
  Maggie (D:6)
  Prince Ribbit (D:7)
  A wyvern (D:8)
  A steam dragon (D:7)
  A water moccasin (D:6)
  Duvessa (D:4)
  2 ice beasts (D:6)
  An orc warrior (D:7)
  A black bear (D:4)
  A hornet zombie (D:7)
  A sky beast (D:7)
  3 necrophages (D:7)
  3 ogres
  A phantom (D:5)
  2 kobold brigands
  2 elf zombies (Ossuary)
  A wyvern zombie (D:7)
  A scorpion (D:6)
  A water moccasin zombie (D:4)
  A wyvern skeleton (D:5)
  Dowan (D:4)
  2 water moccasin skeletons
  10 wights
  3 hounds
  3 centaur zombies
  2 bullfrog zombies
  A jelly (D:5)
  3 human zombies
  4 orc priests
  A bullfrog skeleton (D:4)
  A centaur skeleton (D:4)
  A gnoll shaman (D:6)
  An iguana (D:5)
  3 orc wizards
  3 hound zombies (Ossuary)
  A hound skeleton (D:4)
  7 mummies
  A howler monkey zombie (D:8)
  8 adders
  21 gnolls
  A shadow imp (D:7)
  An ufetubus (D:6)
  3 adder zombies (Ossuary)
  2 worms
  4 dart slugs
  16 orcs
  2 endoplasms (D:2)
  3 giant cockroaches
  2 gnoll zombies (Ossuary)
  5 goblins
  8 hobgoblins
  2 jackals (D:1)
  3 quokkas
  7 ball pythons
  5 bats
  A frilled lizard (D:1)
  3 goblin zombies (Ossuary)
  4 hobgoblin zombies (Ossuary)
  3 jackal zombies (Ossuary)
  40 kobolds
  3 kobold zombies (Ossuary)
  2 orc zombies (Ossuary)
  4 quokka zombies (Ossuary)
  3 rats
  5 rat zombies (Ossuary)
236 creatures vanquished.

Vanquished Creatures (others)
  A plant (D:7)
1 creature vanquished.

Grand Total: 237 creatures vanquished

Notes
Turn   | Place    | Note
-------+----------+-------------------------------------------
     0 | D:1      | timneilson the Gargoyle Fighter began the quest for the
                  | Orb.
     0 | D:1      | Reached XP level 1. HP: 14/14 MP: 1/1
   124 | D:1      | Reached XP level 2. HP: 15/19 MP: 2/2
   774 | D:1      | Reached XP level 3. HP: 19/23 MP: 3/3
  1059 | D:2      | Reached XP level 4. HP: 8/29 MP: 4/4
  1403 | D:2      | Reached skill level 1 in Dodging
  1403 | D:2      | Reached XP level 5. HP: 29/33 MP: 5/5
  1641 | D:2      | Found a faded altar of an unknown god.
  2659 | D:3      | Found a snail-covered altar of Cheibriados.
  2982 | D:4      | Reached XP level 6. HP: 38/38 MP: 6/6
  3008 | D:4      | Found a sand-covered staircase.
  3016 | Ossuary  | Entered an ossuary
  3510 | Ossuary  | Reached skill level 5 in Armour
  3510 | Ossuary  | Reached skill level 5 in Shields
  3525 | Ossuary  | Reached XP level 7. HP: 19/43 MP: 7/7
  4068 | D:4      | Found a sacrificial altar of Ru.
  4105 | D:4      | Found a staircase to the Ecumenical Temple.
  4717 | D:4      | Reached XP level 8. HP: 47/48 MP: 8/8
  5029 | D:4      | Noticed Dowan
  5030 | D:4      | Noticed Duvessa
  5043 | D:4      | Killed Duvessa
  5045 | D:4      | Killed Dowan
  5311 | D:4      | Reached skill level 5 in Fighting
  5560 | D:4      | Found a broken altar of Ashenzari.
  5865 | D:4      | Reached skill level 5 in Long Blades
  6057 | D:5      | Entered Level 5 of the Dungeon
  6229 | Temple   | Entered the Ecumenical Temple
  6728 | D:5      | Reached XP level 9. HP: 35/54 MP: 6/9
  7037 | D:6      | Identified the +1 robe of Lucidity {rF+ Str-3 Dex+5}
  7047 | D:6      | Noticed Maggie
  7067 | D:6      | Killed Maggie
  7578 | D:6      | Found a stormy altar of Qazlal.
  7791 | D:6      | Found a hide-covered altar of Uskayaw.
  7876 | D:6      | Found a glowing silver altar of Zin.
  8324 | D:7      | Got the Reference Book on Blistering Hexes
  8371 | D:7      | Reached skill level 1 in Evocations
  8661 | D:7      | Found an ancient bone altar of Kikubaaqudgha.
  8714 | D:7      | Noticed Prince Ribbit
  8726 | D:7      | Killed Prince Ribbit
  8727 | D:7      | Reached XP level 10. HP: 60/60 MP: 10/10
  9041 | D:7      | Paralysed by something for 6 turns
  9061 | D:7      | Paralysed by something for 3 turns
  9592 | D:7      | Found a basalt altar of Yredelemnul.
  9939 | D:8      | Found a bloodstained altar of Trog.
 10044 | D:7      | Noticed a rust devil
 10044 | D:7      | Noticed a rust devil
 10107 | D:8      | Gained mutation: You have sharp toenails. [potion of
                  | mutation]
 10107 | D:8      | Gained mutation: Your spells are a little harder to cast,
                  | but a little more powerful. [potion of mutation]
 10107 | D:8      | Gained mutation: Your mind is acute. (Int +2) [potion of
                  | mutation]
 10115 | D:8      | HP: 2/91 [rust devil (7)]
 10117 | D:8      | Slain by a rust devil

Illustrated notes

Levels and vault maps discovered:
D:1:      wander_arrival_chamber, layout_loops_cross
D:2:      layout_loops_ring, shapermc_ecumenical_altar_ellora
D:3:      layout_rooms, nicolae_overflow_crystal_walls
D:4:      minmay_goblin_kobold_castle, layout_loops_ring, kennysheep_mini_moat,
          mainiacjoe_overflow_24_doors, minmay_temple_entry_ruins,
          chequers_ossuary_entry_cave, grunt_decor_mini_mirrors, uniq_duvessa
D:5:      layout_gridville, minivault_26, serial_bayou_crossing
D:6:      layout_basic, nicolae_qazlal_style_of_elements,
          nicolae_uskayaw_dance_studio, lemuel_tele_altar, nrook_mini_vaults,
          uniq_maggie
D:7:      cheibrodos_iron_armory, layout_rooms, mainiacjoe_overflow_chevrons,
          lemuel_mausoleum_altar_yredelemnul, amethyst_killhole,
          uniq_prince_ribbit1
D:8:      layout_cave_pods, lemuel_doored_altar
Temple:   grunt_temple_mini_profane

Skill      XL: |  1  2  3  4  5  6  7  8  9 10 |
---------------+-------------------------------+-----
Long Blades    | 2 3 4 5 6 |  6.9
Armour         | 4 5 7 8 |  8.6
Shields        | 4 5 7 8 |  8.7
Dodging        | 1 2 3 4 |  4.0
Fighting       | 4 5 6 |  6.5
Evocations     | 1 2 |  2.1

Action                   |  1- 3 |  4- 6 |  7- 9 | 10-12 || total
-------------------------+-------+-------+-------+-------++-------
Melee: Long sword        |   125 |   244 |   526 |   191 ||  1086
  Use: Scroll            |     2 |     5 |     9 |     2 ||    18
       Potion            |       |       |     5 |     5 ||    10
Armor: Scale mail        |    82 |   148 |    80 |       ||   310
       Chain mail        |       |       |   226 |   115 ||   341
Dodge: Dodged            |    69 |   152 |   225 |    79 ||   525
Block: Buckler           |    27 |    65 |   158 |    56 ||   306

Table legend: (Time is in decaauts)
 A = Elapsed time spent in this place.
 B = Non-inter-level travel time spent in this place.
 C = Inter-level travel time spent in this place.
 D = Time resting spent in this place.
 E = Time spent auto-exploring this place.
 F = Levels seen in this place.
 G = Mean time per level.
                   A        B        C        D        E       F      G
               +--------+--------+--------+--------+--------+-----+--------+
         Total |  10282 |  10052 |    230 |   1304 |   6263 |  10 | 1028.2 |
       Dungeon |   8935 |   8728 |    207 |   1139 |   5453 |   8 | 1116.9 |
        Temple |    280 |    257 |     23 |      0 |    256 |   1 |  280.0 |
       Ossuary |   1066 |   1066 |      0 |    165 |    554 |   1 | 1066.0 |
               +--------+--------+--------+--------+--------+-----+--------+

Top non-repeatable levels by time:
     D:4: 2221 daAuts
     D:7: 1422 daAuts
     D:2: 1409 daAuts
     D:6: 1401 daAuts
 Ossuary: 1066 daAuts
     D:1: 942 daAuts
     D:3: 643 daAuts
     D:5: 630 daAuts
  Temple: 280 daAuts
     D:8: 264 daAuts
